 Dungeon Crawl Stone Soup version 0.28-b1-70-g80dc712255 (webtiles) character file.

Game seed: 12455766174482562932

42 tizbic2 the Sneak (level 3, 0/26 HPs)
             Began as a Ghoul Enchanter on Feb 4, 2022.
             Killed from afar by a dart slug (3 damage)
             ... with a slug dart
             ... on level 2 of the Dungeon.
             The game lasted 00:07:56 (938 turns).

tizbic2 the Sneak (Ghoul Enchanter)                  Turns: 938, Time: 00:07:57

Health: 0/26       AC:  5    Str: 11    XL:     3   Next: 54%
Magic:  5/5        EV: 10    Int: 10    God:
Gold:   55         SH:  0    Dex: 11    Spells: 4/6 levels left

rFire   . . .      SeeInvis .   a - +1 dagger
rCold   + . .      Faith    .   (no shield)
rNeg    + + +      Spirit   .   d - +0 ring mail
rPois   ∞          Reflect  .   (no helmet)
rElec   .          Harm     .   (no cloak)
rCorr   .          Rampage  .   (no gloves)
Will    .....                   (no boots)
Stlth   ++........              (no amulet)
HPRegen 0.00/turn               (no ring)
MPRegen 0.09/turn               (no ring)

@: inhibited regen, invisible
A: claws 1, cold resistance 1, negative energy resistance 3, inhibited
regeneration, torment resistance 2
a: no special abilities


You were on level 2 of the Dungeon.
You visited 1 branch of the dungeon, and saw 2 of its levels.

You collected 55 gold pieces.

Inventory:

Hand Weapons
 a - a +1 dagger (weapon)
Armour
 d - a +0 ring mail (worn)
Scrolls
 b - a scroll of blinking {unknown}
 f - 2 scrolls of teleportation
Potions
 e - a potion of heal wounds {unknown}


   Skills:
 + Level 1.4 Short Blades
 - Level 1.7 Dodging
 * Level 4.0 Stealth
 + Level 0.4 Shields
 + Level 2.1 Spellcasting
 + Level 2.6 Hexes


You had 4 spell levels left.
You knew the following spells:

 Your Spells              Type           Power      Damage    Failure   Level
a - Ensorcelled Hibernat  Hex/Ice        6%         N/A       54%         2

Your spell library contained the following spells:

 Spells                   Type           Power      Damage    Failure   Level
 Confusing Touch          Hex            6%         N/A       58%         3
 Tukima's Dance           Hex            6%         N/A       58%         3
 Dazzling Flash           Conj/Hex       6%         N/A       78%         3


Dungeon Overview and Level Annotations

Branches:
Dungeon (2/15)

Altars:

Shops:
D:1 [[(


Innate Abilities, Weirdness & Mutations

You thrive by killing the living.
You are immune to poison.
You have sharp fingernails.
Your flesh is cold resistant. (rC+)
You are immune to negative energy. (rN+++)
You do not regenerate when monsters are visible.
You are immune to unholy pain and torment.


Message History

You completely miss the adder.
The adder is almost dead.
The adder bites you. The adder bites you but does no damage.
You hit the adder but do no damage.
The adder is almost dead.
The adder misses you.
You hit the adder.
You kill the adder!
The adder bites you but does no damage.
Your Stealth skill increases to level 4!
You have reached level 3!
Your experience leads to an increase in your attributes!
Increase (S)trength, (I)ntelligence, or (D)exterity?
You feel agile. x2
Unknown command.
You miss the adder. The adder bites you.
* * * LOW HITPOINT WARNING * * *
You fade into invisibility!
The adder barely misses you. The dart slug launches a dart at you.
The slug dart misses the adder.
The slug dart hits you.
* * * LOW HITPOINT WARNING * * *
The adder closely misses you.
You see here a +0 hunting sling.
You hit the adder.
The adder is lightly wounded.
The adder bites you but does no damage.
You catch the helpless adder completely off-guard!
You puncture the adder!
You kill the adder!
A hobgoblin comes into view.
You see here 5 gold pieces.
You see here a +0 hunting sling.
You hit the dart slug.
The dart slug is lightly wounded.
You hit the dart slug.
The dart slug is moderately wounded.
The dart slug launches a dart at you. The slug dart hits you.
You die...

≈≈≈ ≈≈≈≈ ≈≈≈≈≈≈≈≈≈
≈≈≈≈ ≈≈≈####≈≈≈≈≈≈≈≈
≈≈≈##.........≈≈≈≈≈
≈ #.....# #.# ≈≈
#.....####.# ≈≈≈
#.....##...#####....
#....)#..#.........>
#.......##w#...#.##
##...w.###@#†#.#
.....#'### #.#.# #
.....g... #.#.#
..........##)#.#
..........'$.#.#
..........####.#
....##### #.# ####
#.# ############.#


You could see a dart slug.

Vanquished Creatures
  2 adders (D:2)
  2 endoplasms
  A giant cockroach (D:1)
  A goblin (D:1)
  3 hobgoblins (D:1)
  2 kobolds (D:1)
  2 quokkas
  4 ball pythons (D:1)
  A bat (D:1)
  4 frilled lizards
  2 rats (D:1)
24 creatures vanquished.

Notes
Turn   | Place    | Note
-------+----------+-------------------------------------------
     0 | D:1      | tizbic2 the Ghoul Enchanter began the quest for the Orb.
     0 | D:1      | Reached XP level 1. HP: 14/14 MP: 2/2
     7 | D:1      | Found Xaficvos's Antique Armour Shop.
   100 | D:1      | Reached skill level 1 in Short Blades
   186 | D:1      | Found Jiub's Weapon Shop.
   255 | D:1      | Reached XP level 2. HP: 20/20 MP: 3/3
   265 | D:1      | Learned a level 2 spell: Ensorcelled Hibernation
   502 | D:1      | Found Qozxecw's Armour Boutique.
   925 | D:2      | Reached skill level 4 in Stealth
   925 | D:2      | Reached XP level 3. HP: 10/26 MP: 5/5
   938 | D:2      | Killed from afar by a dart slug

Illustrated notes

Levels and vault maps discovered:
D:1:      tarquinn_simple_flora_water_f, layout_basic, serial_shops,
          nicolae_shop_bloodbath_and_beyond, nicolae_diamond_shop,
          nicolae_square_shop, kennysheep_pointless_box, grunt_decor_resistance,
          st_stairs_1, minmay_pentomino_o2
D:2:      wander_river, layout_basic

Skill      XL: |  1  2 |
---------------+-------+-----
Short Blades   | 1 |  1.4
Spellcasting   | 2 |  2.1
Stealth        | 4 |  4.0
Dodging        | |  1.7
Shields        | |  0.4
Hexes          | |  2.6

Action                   || total
-------------------------++-------
Melee: Dagger            ||    81
       Punch             ||     2
 Cast: Ensorcelled Hiber ||     1
  Use: Scroll            ||     2
       Potion            ||     1
 Stab: Sleeping          ||     3
       Invisible         ||     1
Armor: Robe              ||     7
       Ring mail         ||    10
Dodge: Dodged            ||    47
